 Dungeon Crawl Stone Soup version 0.29-a0-824-gd827844252 (webtiles) character file.

Game seed: 4489077856742618737

10 Sabo the Shield-Bearer (level 2, 0/24 HPs)
             Began as a Formicid Fighter on July 9, 2022.
             Succumbed to a gnoll's poison
             ... on level 1 of the Dungeon.
             The game lasted 00:01:19 (370 turns).

Sabo the Shield-Bearer (Formicid Fighter)            Turns: 370, Time: 00:01:20

Health: 0/24       AC:  6    Str: 20    XL:     2   Next: 30%
Magic:  2/2        EV:  9    Int:  7    God:
Gold:   12         SH: 10    Dex: 13    Spells: 1/1 levels left

rFire   . . .      SeeInvis +   a - +0 war axe
rCold   . . .      Faith    .   c - +0 buckler
rNeg    . . .      Spirit   .   b - +0 scale mail
rPois   .          Reflect  +   (helmet unavailable)
rElec   .          Harm     .   e - scarf {shadows}
rCorr   .          Rampage  .   (no gloves)
Will    .....                   (no boots)
Stlth   ..........              g - amulet of reflection
HPRegen 0.08/turn               (no ring)
MPRegen 0.08/turn               (no ring)

@: mighty, lethally poisoned (0 -> -1)
A: permanent stasis, dig shafts and tunnels, antennae 3, four strong arms
a: Dig, Shaft Self


You were on level 1 of the Dungeon.
You visited 1 branch of the dungeon, and saw 1 of its levels.

You collected 12 gold pieces.

Inventory:

Hand Weapons
 a - a +0 war axe (weapon)
Armour
 b - a +0 scale mail (worn)
 c - a +0 buckler (worn)
 e - a scarf of shadows (worn)
Jewellery
 g - an amulet of reflection (around neck)
Scrolls
 f - a scroll of identify {unknown}
 h - a scroll of enchant weapon {unknown}


   Skills:
 + Level 3.6 Fighting
 + Level 2.1 Axes
 + Level 3.4 Armour
 + Level 4.1 Shields


You had one spell level left.
You didn't know any spells.
Your spell library was empty.

Dungeon Overview and Level Annotations

Branches:
Dungeon (1/15)

Altars:


Innate Abilities, Weirdness & Mutations

You cannot be hasted, slowed, berserked, paralysed or teleported.
You can dig through walls and to a lower floor.
You have a pair of large antennae on your head. (SInv)
Your four strong arms can wield two-handed weapons with a shield.


Message History

Found a stone staircase leading down.
A gnoll comes into view. It is wielding a +0 spear of venom.
Found 8 gold pieces.
The gnoll shouts!
A ball python comes into view.
A goblin comes into view. It is wielding a +0 dagger.
You see here a fuming yellow potion.
The endoplasm hits the bush but does no damage.
The endoplasm hits the plant.
The plant begins to die.
The endoplasm hits the plant.
Something hits the bush.
The gnoll hits you from afar with a +0 spear of venom.
You are poisoned.
You feel very sick.
The gnoll hits you from afar with a +0 spear of venom.
The ball python attacks as you move away!
You block the ball python's attack. x2
You feel very sick.
The ball python attacks as you move away!
You block the ball python's attack. x2
* * * LOW HITPOINT WARNING * * *
You feel sick. The ball python closely misses you. The ball python grabs you.
The ball python constricts you.
You escape the ball python's grasp.
* * * LOW HITPOINT WARNING * * *
You feel sick.
* * * LOW HITPOINT WARNING * * *
You feel sick.
* * * LOW HITPOINT WARNING * * *
You feel sick.
* * * LOW HITPOINT WARNING * * *
You feel sick.
Things that are here:
a +0 club; a frilled lizard corpse The ball python attacks as you move away!
You block the ball python's attack. x2
* * * LOW HITPOINT WARNING * * *
You feel sick.
You feel very mighty all of a sudden.
You die...

♣$#PP..#...........#.≈..≈≈≈≈≈
#PJP..............+.≈.≈≈...≈
#.♣♣♣♣P...........+.≈..≈<≈(.
#. ♣P.............#.≈≈...≈≈.
# P.♣......J......#..≈≈≈≈≈..
#...............#≈..≈≈≈..≈
#.#..##..g......#≈≈.....≈≈
#.... ###S..#.#.##≈≈≈≈≈≈≈≈
####. #..@###.#.########## #
#.### .# # ... . #... #...
##.


You could see a gnoll, an endoplasm and a ball python.

Vanquished Creatures
  2 hobgoblins (D:1)
  3 jackals (D:1)
  A kobold (D:1)
  2 ball pythons (D:1)
  A frilled lizard (D:1)
9 creatures vanquished.

Vanquished Creatures (others)
  A plant (D:1)
1 creature vanquished.

Grand Total: 10 creatures vanquished

Notes
Turn   | Place    | Note
-------+----------+-------------------------------------------
     0 | D:1      | Sabo the Formicid Fighter began the quest for the Orb.
     0 | D:1      | Reached XP level 1. HP: 18/18 MP: 1/1
   236 | D:1      | Reached XP level 2. HP: 15/24 MP: 2/2
   369 | D:1      | HP: 1/24 [poisoned by a gnoll]
   370 | D:1      | Succumbed to a gnoll's poison

Illustrated notes

Levels and vault maps discovered:
D:1:      psy_arrival_whirlpool, layout_rooms, serial_forest,
          infiniplex_forest_clump_small, infiniplex_forest_clump_long,
          infiniplex_forest_lined_3, infiniplex_forest_clump_small,
          infiniplex_forest_clump_C, infiniplex_forest_clump_cross,
          infiniplex_forest_lined_ring, infiniplex_forest_clump_small,
          infiniplex_forest_clump_small

Action                   || total
-------------------------++-------
Melee: War axe           ||    31
  Use: Potion            ||     1
Armor: Scale mail        ||    13
Dodge: Dodged            ||    29
Block: Buckler           ||    18

Table legend: (Time is in decaauts)
 A = Elapsed time spent in this place.
 B = Non-inter-level travel time spent in this place.
 C = Inter-level travel time spent in this place.
 D = Time resting spent in this place.
 E = Time spent auto-exploring this place.
 F = Levels seen in this place.
 G = Mean time per level.
                   A        B        C        D        E       F      G
               +--------+--------+--------+--------+--------+-----+--------+
         Total |    385 |    385 |      0 |    226 |      0 |   1 |  385.0 |
       Dungeon |    385 |    385 |      0 |    226 |      0 |   1 |  385.0 |
               +--------+--------+--------+--------+--------+-----+--------+

Top non-repeatable levels by time:
     D:1: 385 daAuts
